 Dungeon Crawl Stone Soup version 0.30.0-29-ga12c61a403 (webtiles) character file.

Game seed: 3231994467810119395

210 cheesebisquit the Chopper (level 5, -2/70 HPs)
             Began as a Hill Orc Fighter on June 23, 2023.
             Succumbed to an orc wizard's poison
             ... on level 4 of the Dungeon.
             The game lasted 00:06:11 (2409 turns).

cheesebisquit the Chopper (Hill Orc Fighter)        Turns: 2409, Time: 00:06:12

Health: -2/70      AC: 22    Str: 19    XL:     5   Next: 88%
Magic:  5/5        EV:  2    Int: 10    God:
Gold:   159        SH:  0    Dex: 16    Spells: 4/4 levels left

rFire   . . .        (no weapon)
rCold   . . .        c - +0 buckler
rNeg    . . .        b - melded +0 scale mail
rPois   +            h - melded +0 helmet
rElec   .            (cloak currently unavailable)
rCorr   .            (gloves currently unavailable)
SInv    .            i - melded +0 pair of boots
Will    .....        (no amulet)
Stlth   +            f - +6 ring of dexterity
HPRegen 0.31/turn    (no ring)
MPRegen 0.09/turn

%: no passive effects
@: confused, mighty, lethally poisoned (-2 -> -13), tree-form, hasted, very
quick
A: stationary, stasis, torment immunity, boosted hp
a: no special abilities


You were on level 4 of the Dungeon.
You were a tree.
You visited 1 branch of the dungeon, and saw 4 of its levels.

You collected 159 gold pieces.

Inventory:

Hand Weapons
 a - a +0 war axe
Missiles
 r - a poisoned dart
Armour
 b - a +0 scale mail (melded)
 c - a +0 buckler (worn)
 h - a +0 helmet (melded)
 i - a +0 pair of boots (melded)
 k - a +0 ring mail
Jewellery
 f - a +6 ring of dexterity (left branch)
Wands
 n - a wand of mindburst (10) (quivered)
 q - a wand of flame (13)
Scrolls
 g - a scroll of enchant weapon {unknown}
 l - a scroll of magic mapping {unknown}
 o - a scroll of blinking {unknown}
 s - 3 scrolls of vulnerability
 t - a scroll of fog
Potions
 e - a potion of mutation
 j - 2 potions of berserk rage
 m - a potion of haste


   Skills:
 + Level 4.9 Fighting
 * Level 5.8 Axes
 + Level 4.4 Armour
 - Level 3.2 Shields


You had 4 spell levels left.
You didn't know any spells.
Your spell library contained the following spells:

 Spells                   Type           Power      Damage    Failure   Level
 Beastly Appendage        Tmut           0%         N/A       43%         1
 Wereblood                Tmut           0%         N/A       56%         2
 Spider Form              Tmut/Pois      0%         N/A       80%         3


Dungeon Overview and Level Annotations

Branches:
Dungeon (4/15)
 Temple: D:4-7

Altars:

Shops:
D:2 [


Message History

You slash the orc!
You kill the orc!
You slash the orc wizard! You miss something.
You feel sick. Something hits you but does no damage.
The orc wizard hits you with a +1 dagger of venom.
You are more poisoned.
You slash something! You miss the orc wizard.
You feel very sick.
You hear some strange, mumbled words.
You are more confused.
The orc wizard casts a spell at you. The puff of flame hits you!
* * * LOW HITPOINT WARNING * * *
You're too confused to move!
* * * LOW HITPOINT WARNING * * *
You feel very sick.
You miss something. You closely miss the orc wizard.
* * * LOW HITPOINT WARNING * * *
You feel sick.
You hear some strange, mumbled words.
You are more confused.
The orc wizard hits you but does no damage.
You are more poisoned.
You are too confused!
It was a potion of lignification.
You turn into a tree.
Your +0 helmet melds into your body.
Your +0 pair of boots melds into your body.
Your +0 scale mail melds into your body.
Your roots penetrate the ground.
* * * LOW HITPOINT WARNING * * *
You feel very sick.
You hear some strange, mumbled words.
A magic dart appears from out of thin air!
The magic dart hits you.
* * * LOW HITPOINT WARNING * * *
The orc wizard hits you but does no damage.
You are now empty-handed.
You cannot move. (Use ctrl+direction or * direction to attack while stationary and confused.)
You miss something.
You die...

.......##
.........
..<.....#
.......##### # #
#........#.#
##.##...(()..#.#
..#?...........>.#
......#........###
#.o♣.......##
##){).......####
#..............#
...#........###)#
..............#
#.#
.....###.....###
#.# .....
##..#...###.#
....# ##.#.......#
#.......###


You could see an orc wizard.

Vanquished Creatures
  Natasha (thrice) (D:2)
  Robin (D:4)
  3 adders
  A worm (D:3)
  2 dart slugs
  2 orcs (D:4)
  3 endoplasms
  4 giant cockroaches
  9 goblins
  11 hobgoblins
  14 jackals
  4 quokkas
  6 ball pythons
  6 bats
  3 frilled lizards (D:1)
  6 kobolds
  A rat (D:2)
79 creatures vanquished.

Notes
Turn   | Place    | Note
-------+----------+-------------------------------------------
     0 | D:1      | cheesebisquit the Hill Orc Fighter began the quest for the
                  | Orb.
     0 | D:1      | Reached XP level 1. HP: 19/19 MP: 1/1
   153 | D:1      | Reached skill level 3 in Axes
   185 | D:1      | Reached XP level 2. HP: 27/27 MP: 2/2
   726 | D:2      | Reached XP level 3. HP: 33/33 MP: 3/3
   753 | D:2      | Found Ytwaemm's Antique Armour Shop.
   758 | D:2      | Noticed Natasha
   765 | D:2      | Killed Natasha
   766 | D:2      | Reached skill level 4 in Axes
   820 | D:2      | Reached XP level 4. HP: 40/40 MP: 4/4
  1240 | D:2      | Noticed Natasha
  1248 | D:2      | Killed Natasha
  1249 | D:2      | Reached skill level 5 in Axes
  1265 | D:2      | Noticed Natasha
  1282 | D:2      | Killed Natasha
  1283 | D:2      | Reached XP level 5. HP: 14/47 MP: 5/5
  2315 | D:4      | Noticed Robin
  2334 | D:4      | Killed Robin
  2407 | D:4      | HP: 1/70 [something/magic dart (4)]
  2409 | D:4      | Succumbed to an orc wizard's poison

Illustrated notes

Levels and vault maps discovered:
D:1:      lemuel_arrival_behind_the_door_small, layout_loops_ring, minivault_24
D:2:      layout_loops_ring, serial_shops, shop, serial_bayou_pond_e,
          uniq_natasha
D:3:      layout_basic
D:4:      layout_rooms, xom_teletrap_fun, mainiacjoe_overflow_boulevard,
          chequers_temple_overflow_statue_of_worship,
          chequers_ossuary_entry_cave, uniq_robin, uniq_edmund

Skill      XL: |  1  2  3  4 |
---------------+-------------+-----
Axes           | 3 4 5 |  5.8
Fighting       | 4 |  4.9
Armour         | 4 |  4.4
Shields        | |  3.2

Action                     |  1- 3 |  4- 6 || total
---------------------------+-------+-------++-------
  Melee: War axe           |    68 |   146 ||   214
         Unarmed           |       |     1 ||     1
  Throw: Dart              |       |     4 ||     4
  Evoke: Wand              |       |     1 ||     1
    Use: Potion            |       |     4 ||     4
         Scroll            |       |     5 ||     5
 Armour: Scale mail        |    43 |    87 ||   130
         Skin              |       |     1 ||     1
  Dodge: Dodged            |    29 |    78 ||   107
  Block: Buckler           |    11 |    33 ||    44
